 Dungeon Crawl Stone Soup version 0.31.0-7-gf635a9b802 (webtiles) character file.

Game seed: 9673415796987018719

9209 olmar the Protected (level 11, 0/92 HPs)
             Began as an Armataur Fighter on Jan 23, 2024.
             Was an Initiate of Gozag.
             Slain by a vampire mosquito (10 damage)
             ... on level 10 of the Dungeon.
             The game lasted 00:12:42 (11192 turns).

olmar the Protected (Armataur Fighter)             Turns: 11192, Time: 00:12:43

Health: 0/92       AC: 13    Str: 26    XL:     11   Next: 20%
Magic:  11/11      EV:  5    Int:  9    God:    Gozag
Gold:   1146       SH:  5    Dex:  9    Spells: 10/10 levels left

rFire   . . .        e - +3 dire flail
rCold   . . .        (shield currently unavailable)
rNeg    . . .        n - +0 plate armour
rPois   .            (no helmet)
rElec   .            (no cloak)
rCorr   .            (no gloves)
SInv    .            (no barding)
Will    .....        u - amulet of reflection Stlth
                     (no ring)
HPRegen 0.35/turn    (no ring)
MPRegen 0.12/turn

%: reflection, roll
@: gold aura, hasted, studying Dodging, very quick
A: large, deformed body, tough skin 3, armoured tail, roll 2
a: Renounce Religion, Potion Petition, Call Merchant, Bribe Branch


You were on level 10 of the Dungeon.
You worshipped Gozag.
Gozag was most pleased with you.
You visited 2 branches of the dungeon, and saw 11 of its levels.

You collected 1567 gold pieces.
You paid 421 gold pieces to Gozag.

Inventory:

Hand Weapons
 a - a +1 flail
 d - a +2 long sword of draining
 e - a +3 dire flail (weapon)
Missiles
 f - 13 javelins (quivered)
Armour
 b - a +0 scale mail
 c - a +0 buckler
 n - a +0 plate armour (worn)
 o - +2 steam dragon scales
Jewellery
 u - an amulet of reflection (around neck)
 A - a +4 ring of protection
Wands
 v - a wand of roots (4)
Scrolls
 i - 8 scrolls of teleportation
 k - 3 scrolls of enchant armour
 l - a scroll of torment
 m - a scroll of blinking {unknown}
 p - a scroll of amnesia {unknown}
 q - 5 scrolls of enchant weapon
 r - a scroll of fog {unknown}
 t - a scroll of immolation
 x - a scroll of revelation
 y - a scroll of noise {unknown}
 B - a scroll of fear
 C - a scroll of butterflies {unknown}
Potions
 g - 2 potions of haste
 h - 3 potions of enlightenment
 j - 2 potions of mutation
 s - 2 potions of cancellation
 w - a potion of heal wounds
 z - a potion of invisibility {unknown}


   Skills:
 + Level 7.5 Fighting
 + Level 10.9 Maces & Flails
 - Level 2.5 Throwing
 + Level 11.5 Armour
 - Level 0.2 Stealth
 - Level 5.8 Shields
 + Level 0.4 Evocations


You had 10 spell levels left.
You didn't know any spells.
Your spell library contained the following spells:

 Spells                   Type           Power      Damage    Failure   Level
 Ensorcelled Hibernation  Hex/Ice        0%         N/A       99%         2
 Fugue of the Fallen      Necr           0%         N/A       100%        3
 Hailstorm                Conj/Ice       0%         3d5       100%        3
 Summon Ice Beast         Ice/Summ       0%         N/A       100%        3
 Anguish                  Hex/Necr       0%         N/A       100%        4
 Leda's Liquefaction      Alch/Erth      0%         N/A       100%        4
 Lee's Rapid Deconstruct  Erth           0%         3d4*      100%        5
 Bombard                  Conj/Erth      0%         9d1       100%        6
 Sculpt Simulacrum        Ice/Alch       0%         N/A       100%        6


Dungeon Overview and Level Annotations

Branches:
Dungeon (10/15)            Temple (1/1) D:4            Lair (0/5) D:8
    Orc: D:9-12

Altars:
Ashenzari
Cheibriados
Dithmenos
Elyvilon
Fedhas
Gozag
Hepliaklqana
Kikubaaqudgha
Makhleb
Nemelex Xobeh
Okawaru
Qazlal
Ru
Sif Muna
Trog
Uskayaw
Vehumet
Wu Jian
Xom
Yredelemnul
Zin
The Shining One

Shops:
D:2 ?

Annotations:
D:10 Erica


Innate Abilities, Weirdness & Mutations

Armour fits poorly on your strangely shaped body.
You have extremely tough skin. (AC +3)
You have a long armoured tail.
You regenerate magic and health when rolling toward enemies. (Rampage Regen)


Message History

You hit the vampire mosquito.
The vampire mosquito is no longer distracted by gold.
The vampire mosquito is almost destroyed.
Unknown command.
You miss the vampire mosquito.
The vampire mosquito is almost destroyed.
The vampire mosquito bites you.
The vampire mosquito draws strength from your injuries!
The vampire mosquito is distracted by your dazzling golden aura.
Unknown command.
The vampire mosquito buzzes angrily.
You puncture the vampire mosquito!
You destroy the vampire mosquito!
Unknown command.
You closely miss the vampire mosquito.
Your tail-slap misses the vampire mosquito.
Unknown command.
You bludgeon the vampire mosquito!!
The vampire mosquito is severely damaged.
The vampire mosquito bites you.
The vampire mosquito draws strength from your injuries!
Unknown command.
You closely miss the vampire mosquito.
The vampire mosquito is heavily damaged.
The vampire mosquito barely misses you.
Unknown command.
You hit the vampire mosquito but do no damage.
The vampire mosquito is heavily damaged.
The vampire mosquito bites you!
* * * LOW HITPOINT WARNING * * *
The vampire mosquito draws strength from your injuries!
Unknown command.
The vampire mosquito attacks as it pursues you!
The vampire mosquito bites you but does no damage.
The vampire mosquito bites you!
* * * LOW HITPOINT WARNING * * *
The vampire mosquito draws strength from your injuries!
You closely miss the vampire mosquito. The vampire mosquito bites you!
You die...
Your body crumbles into a pile of gold.

##
#..#..........#
.######{########
xyy.y.yy#......#.
.#######$$.......
#...$.....
####.y$......
#.K$.K.......
#y##.........
#@##.........
#.##.........
#.########### #:#
#.# ..# ..# ..#


You could see a vampire mosquito and a kobold brigand.

Vanquished Creatures
  A two-headed ogre (D:8)
  Pikel (D:8)
  Maggie (D:6)
  2 kobold demonologists (D:10)
  An unseen horror (D:10)
  A hornet (D:9)
  15 yaks
  Menkaure (D:7)
  A steam dragon (D:7)
  2 vampire mosquitoes (D:10)
  An acid dragon (D:9)
  2 ice beasts
  3 orc warriors
  A black bear (D:4)
  3 sky beasts
  2 wolves (D:8)
  4 centaurs
  2 ogres
  A phantom (D:6)
  2 lemures (D:8)
  2 kobold brigands
  3 bullfrogs
  4 scorpions
  9 wights
  8 killer bees
  3 howler monkeys
  2 lava snakes (D:9)
  2 jellies (D:5)
  6 orc priests
  2 bombardier beetles
  2 gnoll boudas (D:5)
  7 hounds
  10 orc wizards
  Terence (D:3)
  3 iguanas
  8 gnolls
  6 adders
  A white imp (D:7)
  3 dart slugs
  A ribbon worm (D:3)
  21 orcs
  6 bats
  6 endoplasms
  3 giant cockroaches
  4 goblins
  6 hobgoblins
  4 quokkas
  11 ball pythons
  2 frilled lizards (D:1)
  18 kobolds
  7 rats
218 creatures vanquished.

Notes
Turn   | Place    | Note
-------+----------+-------------------------------------------
     0 | D:1      | olmar the Armataur Fighter began the quest for the Orb.
     0 | D:1      | Reached XP level 1. HP: 18/18 MP: 1/1
   129 | D:1      | Reached XP level 2. HP: 25/25 MP: 2/2
   346 | D:1      | Reached skill level 4 in Armour
   828 | D:2      | Found a faded altar of an unknown god.
   832 | D:2      | Reached XP level 3. HP: 29/30 MP: 3/3
  1122 | D:2      | Found Kafedol's Magic Scroll Shop.
  1313 | D:2      | Reached XP level 4. HP: 37/37 MP: 4/4
  2037 | D:3      | Reached XP level 5. HP: 20/45 MP: 5/5
  2042 | D:3      | Reached skill level 5 in Armour
  2156 | D:3      | Found a sparkling altar of Nemelex Xobeh.
  2238 | D:3      | Noticed Terence
  2243 | D:3      | Killed Terence
  2462 | D:4      | Noticed a black bear
  2776 | D:4      | Killed a black bear
  2777 | D:4      | Reached XP level 6. HP: 36/51 MP: 6/6
  2855 | D:4      | Found a staircase to the Ecumenical Temple.
  2871 | Temple   | Entered the Ecumenical Temple
  2908 | Temple   | Became a worshipper of Gozag Ym Sagoz the Greedy
  2976 | D:4      | Reached skill level 5 in Shields
  3349 | D:4      | Gained mutation: You regenerate magic and health when
                  | rolling toward enemies. (Rampage Regen) [Armataur growth]
  3349 | D:4      | Reached XP level 7. HP: 57/57 MP: 7/7
  3502 | D:4      | Reached skill level 6 in Armour
  4323 | D:5      | Entered Level 5 of the Dungeon
  4572 | D:5      | Reached skill level 5 in Maces & Flails
  4674 | D:5      | Reached skill level 7 in Armour
  5186 | D:5      | Reached XP level 8. HP: 65/66 MP: 8/8
  5422 | D:6      | Noticed Maggie
  5897 | D:6      | Reached skill level 8 in Armour
  5992 | D:6      | Killed Maggie
  5993 | D:6      | Reached skill level 1 in Throwing
  6404 | D:6      | Reached XP level 9. HP: 51/70 MP: 9/9
  6630 | D:7      | Reached skill level 5 in Fighting
  6915 | D:7      | Reached skill level 9 in Armour
  7064 | D:7      | Noticed Menkaure
  7072 | D:7      | Killed Menkaure
  7731 | D:8      | Noticed Pikel
  7740 | D:8      | Killed Pikel
  7818 | D:8      | Noticed a two-headed ogre
  7824 | D:8      | Killed a two-headed ogre
  7825 | D:8      | Reached XP level 10. HP: 27/83 MP: 10/10
  7994 | D:8      | Found a staircase to the Lair.
  8075 | D:8      | Reached skill level 10 in Armour
  8974 | D:9      | HP: 3/84 [killer bee (5)]
  9326 | D:8      | Reached skill level 10 in Maces & Flails
 10023 | D:8      | Reached skill level 11 in Armour
 10222 | D:9      | Reached XP level 11. HP: 92/92 MP: 11/11
 10340 | D:9      | Paralysed by a hornet for 2 turns
 10712 | D:10     | Entered Level 10 of the Dungeon
 11157 | D:10     | Noticed Erica
 11192 | D:10     | Slain by a vampire mosquito

Illustrated notes

Levels and vault maps discovered:
D:1:      dpeg_arrival_shrine, layout_basic
D:2:      layout_rooms, ebering_ecumenical_altar_rust, serial_glass,
          glass_columns_a, glass_columns_b, minmay_strange_pillars,
          item_on_display_a, due_unseen_surprise, minmay_strange_pillars,
          serial_shops, nicolae_shop_crystal, roderic_serpentine_path
D:3:      layout_basic, nemelex_spade_bored_becter, kennysheep_donut,
          uniq_terence
D:4:      layout_layer_cave, minmay_temple_entry_slanted, minmay_manual_moon
D:5:      layout_loops_ring
D:6:      layout_rooms, uniq_maggie
D:7:      layout_basic, uniq_menkaure
D:8:      layout_basic, erik_lair_orcish_takeover, uniq_pikel
D:9:      layout_cross, kennysheep_dice
D:10:     layout_basic, uniq_erica
Temple:   kilobyte_greek_temple

Skill      XL: |  1  2  3  4  5  6  7  8  9 10 |
---------------+-------------------------------+-----
Armour         | 4 5 7 8 9 11 | 11.5
Maces & Flails | 2 3 4 5 7 9 10 | 10.9
Shields        | 4 5 |  5.8
Fighting       | 3 4 6 7 |  7.5
Throwing       | 1 2 |  2.5
Stealth        | |  0.2
Evocations     | |  0.4

Action                     |  1- 3 |  4- 6 |  7- 9 | 10-12 || total
---------------------------+-------+-------+-------+-------++-------
  Melee: Flail             |   119 |   134 |   214 |       ||   467
         Tailslap          |    13 |    17 |    28 |    33 ||    91
         Dire flail        |       |       |   112 |   257 ||   369
  Throw: Javelin           |       |       |    22 |    13 ||    35
 Invoke: Potion Petition   |       |       |     2 |       ||     2
  Evoke: Wand              |       |       |       |     6 ||     6
    Use: Potion            |       |     6 |     2 |     2 ||    10
         Scroll            |       |     4 |     8 |     2 ||    14
   Stab: Distracted        |       |       |     2 |     1 ||     3
 Armour: Scale mail        |    51 |       |       |       ||    51
         Plate armour      |    31 |   157 |   322 |   349 ||   859
         Skin              |       |       |    16 |       ||    16
  Dodge: Dodged            |    35 |    35 |    61 |    56 ||   187
  Block: Buckler           |    32 |    39 |    41 |       ||   112
         Other             |       |       |    19 |    72 ||    91
         Reflection        |       |       |       |     6 ||     6
